[Event "Paris FIDE GP"]
[Site "Elancourt"]
[Date "2013.10.03"]
[Round "10"]
[White "Grischuk, Alexander"]
[Black "Dominguez Perez, Leinier"]
[Result "1/2-1/2"]
[ECO "C01"]
[WhiteElo "2785"]
[BlackElo "2757"]
[Annotator "ChessBase Website"]
[PlyCount "59"]
[EventDate "2013.09.22"]
[EventType "tourn"]
[EventRounds "11"]
[EventCountry "FRA"]
[EventCategory "20"]
[SourceTitle "CBM 157"]
[Source "ChessBase"]
[SourceDate "2013.11.12"]
[SourceVersion "1"]
[SourceVersionDate "2013.11.12"]
[SourceQuality "1"]
[TimeControl "40/7200:20/3600:900+30"]
[WhiteClock "2:00:00"]
[BlackClock "2:00:00"]

1. e4 e5 2. Nf3 Nf6 3. Nxe5 d6 4. Nf3 Nxe4 5. d3 {[%emt 0:01:44] The Russian player played
an unusual 5.d3 which transposes into an exchange French, hardly the most
testing way of playing against the Petroff. Dominguez had no problems holding
equality and forcing a repetition shortly afterwards.} Nf6 6.
d4 d5 7. Bg5 Be7 8. Bd3 O-O 9. O-O Bg4 10. Nbd2 Nbd7 11. c3 (11. Re1) 11... c6 12. Qc2 (
12. Re1) 12... h6 13. Bf4 (13. Bh4 Re8 14.
Rfe1) 13... Nh5 $11 14. Be5 Nxe5 15. dxe5 Nf4 16. Bh7+ Kh8 17. Bf5 Bxf5 18. Qxf5 Ne6 19. Nd4 Bc5 20. N2b3 Bxd4 21. Nxd4 Qb6 22. Qd3 Qxb2 23. Rfb1 Qa3 24. Nxe6 fxe6 25. Rxb7 Rab8 26. Rc7 Rbc8 27. Rb7 Rb8 28. Rc7 Rbc8 29. Rb7 Rb8 30. Rc7 1/2-1/2

[Event "Metz op 31th"]
[Site "Metz"]
[Date "2013.04.25"]
[Round "9"]
[White "Lagarde, Maxime"]
[Black "Nguyen, Chi Minh"]
[Result "1-0"]
[ECO "C01"]
[WhiteElo "2532"]
[BlackElo "2372"]
[Annotator "Metz Alekhine/Primel,D"]
[PlyCount "65"]
[EventDate "2013.04.20"]
[EventType "swiss"]
[EventRounds "9"]
[EventCountry "FRA"]
[SourceTitle "EXT 2016"]
[Source "ChessBase"]
[SourceDate "2015.10.08"]
[SourceVersion "1"]
[SourceVersionDate "2015.10.08"]
[SourceQuality "1"]
[TimeControl "40/5400:1800+30"]
[WhiteClock "1:30:00"]
[BlackClock "1:30:00"]

1. e4 e6 2. d4 d5 3. Nc3 Bb4 4. exd5 (4. e5) 4... exd5 5. Bd3 Nc6 6. a3 {
La grande ligne} (6. Be3 Nge7 7. Qf3 Be6 8. Nge2 Qd7 (8... Ng6
$146 9. h4 $5 Nxh4 (9... Qd7 $5 10. h5 Bg4 11. Qg3 Bd6 12. Nf4 Nxf4 13. Bxf4
Bxf4 14. Qxf4 O-O-O 15. f3 Qe7+ (15... Rhe8+) 16. Ne2
Be6 17. O-O-O {Les Blancs ont un léger avantage d'espace à l'aile-roi et un
meilleur B mais la position Noire est solide}) 10. Qg3 Ng6 11. Bxg6 $5 fxg6 12. Rxh7 $1 Rxh7 13. Qxg6+ Kd7 14. Qxh7 Qh8 $1 {Il manque
un tempo aux Blancs pour roquer} 15. Qxh8 Rxh8 16. O-O-O) 9. h3 {Margolin,B 
(2436) -Alarcon Casellas,R (2367) Capablanca Memorial op 44th 2009 (3) 1/2-1/2}
) (6. Nge2 Nge7 7. Bg5 $14) 6... Ba5 (6... Bxc3+ 7. bxc3 Nge7 (7... Nf6)) 7.
Be3 Nge7 8. Qf3 (8. Qh5) 8... Be6 9. Nge2 Ng6 (9... Qd7 ) 10. h4
Nxh4 11. Qg3 Ng6 12. Bxg6 fxg6 13. Rxh7 Rxh7 14. Qxg6+ Kd7 15. Qxh7 Qh8 16.
Qxh8 Rxh8 17. O-O-O Bxc3 $6 {Pourquoi abandonner la paire de B?} 18. Nxc3 Ne7
19. Bf4 c6 20. Ne2 Ng6 21. Bg3 Bg4 22. Re1 (22. f3) 22... Bxe2 {Le B n'était
pas trés bon et il est compréhensible de l'échanger mais en contrepartie,
il n'y aura pas de finale de B de couleurs opposées pour essayer d'annuler.}
23. Rxe2 Rh1+ 24. Kd2 Rb1 25. b3 b5 $6 (25... Rh1 $5 {Il vaut mieux essayer de
garder les R et tenter d'échanger le N contre le B afin de jouer une finale
de R plutôt qu'une finale N contre B comme dans la partie qui sera plus
difficile à jouer pour annuler}) 26. Re1 $1 {Rentrant dans une finale
favorable} Rxe1 27. Kxe1 $16 Nf8 {le N manque de cases fortes au centre} 28.
Be5 g6 29. Kd2 {[%cal Gd2g5,Gd2a5] Un coup souple laissant
l'option de faire monter le K sur les deux ailes} Ne6 30. Kc3 Nd8 (30... a5)
31. f4 Ke6 32. g4 Nb7 {[%csl Rb7] Le N est complètement dominé par le B} 33.
Bc7 $36 {[%csl Rb7] Suite illisible et gain Blanc au 52ème coup.} 1-0

[Event "Rohde op 12th"]
[Site "Sautron"]
[Date "2012.11.03"]
[Round "9"]
[White "Lagarde, Maxime"]
[Black "Bedouin, Xavier"]
[Result "1/2-1/2"]
[ECO "C01"]
[WhiteElo "2501"]
[BlackElo "2414"]
[Annotator "RR"]
[PlyCount "83"]
[EventDate "2012.10.27"]
[EventType "swiss"]
[EventRounds "9"]
[EventCountry "FRA"]
[SourceTitle "EXT 2014"]
[Source "ChessBase"]
[SourceDate "2013.11.20"]
[SourceVersion "1"]
[SourceVersionDate "2013.11.20"]
[SourceQuality "1"]
[TimeControl "40/5400+30:1800+30"]
[WhiteClock "1:30:00"]
[BlackClock "1:30:00"]

1. e4 e5 2. Nf3 Nf6 3. Nxe5 d6 4. Nf3 Nxe4 5. d3 Nf6 6. d4 d5 7. Bd3 Bd6 8. h3 O-O 9. O-O h6 10. Re1 Re8 11. Rxe8+ ({RR} 11. Nbd2 Rxe1+ 12. Qxe1 Nc6 13. c3 Ne7 14. Nf1 Bf5 {
1/2-1/2 Belikov,V (2519)-Shtyrenkov,V (2459)/Alushta 2005/CBM 108 ext}) 11...
Qxe8 12. Nc3 (12. Be3) 12... c6 13. Ne2 Ne4 (13... Be6) 14. Bf4 Bxf4 15. Nxf4 Bf5 16. c3 Nd7 17. Qc2 Ndf6 18. Re1 Qb8 19. Ne2 (19. Ne5 $5 ) 19... Qc7 20. Qc1 Nd6 21. Bxf5 Nxf5 22. Qf4 Qxf4 23. Nxf4 Re8 24. Rxe8+ Nxe8 25. Kf1 Kf8 26.
Ke2 Ke7 27. Kd3 a5 28. Nd2 Nfd6 29. f3 Nc7 30. Nf1 Ne6 $11 31. Nxe6 Kxe6 32. Ne3 Nf5 33. Nxf5 Kxf5 34. Ke3 g5 35. g4+ Ke6 36. Kd3 b5 37. b4 a4 38. a3 f5 $1 {[%emt 0:04:03] Il n'y
a plus de leviers pour les Blancs et la nulle est inévitable} 39. Kc2 f4 40. Kb2 Kf6 41.
Ka1 Ke6 42. Kb1 1/2-1/2